3022 views
Uploaded 2020-04-19 12:31:29
Game version 1.32.3
12:13 long 1on1 custom game on (4)TwistedMeadows
Game name "W3Champions-20-RLKerXiuEd"
Saved by Dziango
3022 views
Uploaded 2020-04-19 12:31:29
Game version 1.32.3
12:13 long 1on1 custom game on (4)TwistedMeadows
Game name "W3Champions-20-RLKerXiuEd"
14 units @ 2.4k
/ 0.3k
11 buildings @ 1.8k
/ 0.6k



| Rod of Necromancy | 3 | 450 |
| Orb of Corruption | 1 | 375 |
| Dust of Appearance | 1 | 75 |
| Potion of Lesser Invulnerability | 1 | 150 |
| total: | 6 | 1050g |
| Acolyte | 3 | 225 | / | 0 |
| Ghoul | 2 | 240 | / | 0 |
| Crypt Fiend | 7 | 1505 | / | 280 |
| Obsidian Statue | 2 | 400 | / | 70 |
| total: | 14 | 2370g | / | 350w |
| Ziggurat | 6 | 900 | / | 300 |
| Altar of Darkness | 1 | 180 | / | 50 |
| Crypt | 1 | 200 | / | 50 |
| Tomb of Relics | 1 | 130 | / | 30 |
| Graveyard | 1 | 215 | / | 0 |
| Slaughterhouse | 1 | 140 | / | 135 |
| Halls of the Dead | 1 | 320 | / | 210 |
| Black Citadel | 1 | 325 | / | 230 |
| total: | 11 | 1765g | / | 565w |
| 0:01 | Acolyte |
| 0:03 | Ziggurat |
| 0:05 | Altar of Darkness |
| 0:11 | Acolyte |
| 0:32 | Crypt |
| 0:40 | Acolyte |
| 0:56 | Tomb of Relics |
| 1:21 | Graveyard |
| 1:33 | Ghoul |
| 1:45 | Ghoul |
| 2:06 | Rod of Necromancy |
| 2:09 | Death Coil |
| 2:37 | Halls of the Dead |
| 2:48 | Crypt Fiend |
| 3:02 | Ziggurat |
| 3:54 | Crypt Fiend |
| 5:15 | Slaughterhouse |
| 5:21 | Crypt Fiend |
| 5:25 | Rod of Necromancy |
| 5:27 | Dust of Appearance |
| 5:36 | Ziggurat |
| 5:55 | Black Citadel |
| 6:01 | Frost Armor |
| 6:04 | Unholy Aura |
| 6:06 | Burrow |
| 6:27 | Obsidian Statue |
| 6:40 | Crypt Fiend |
| 6:55 | Ziggurat |
| 6:57 | Ziggurat |
| 7:12 | Frost Nova |
| 7:20 | Rod of Necromancy |
| 7:25 | Obsidian Statue |
| 7:55 | Potion of Lesser Invulnerability |
| 8:05 | Crypt Fiend |
| 8:18 | Backpack |
| 8:59 | Crypt Fiend |
| 9:04 | Orb of Corruption |
| 9:42 | Death Coil |
| 9:51 | Howl of Terror |
| 10:22 | Crypt Fiend |
| 11:13 | Ziggurat |
| 11:38 | Cleaving Attack |
| 11:58 | Frost Nova |
23 units @ 3.1k
/ 0.3k
11 buildings @ 1.8k
/ 0.5k



| Healing Salve | 3 | 300 |
| Scroll of Speed | 3 | 150 |
| Lesser Clarity Potion | 1 | 70 |
| Orb of Lightning | 1 | 375 |
| Potion of Mana | 2 | 400 |
| Potion of Healing | 1 | 150 |
| Dust of Appearance | 1 | 75 |
| Circlet of Nobility | 1 | 175 |
| total: | 13 | 1695g |
| Peon | 8 | 600 | / | 0 |
| Grunt | 4 | 800 | / | 0 |
| Troll Headhunter | 7 | 980 | / | 140 |
| Kodo Beast | 1 | 255 | / | 60 |
| Troll Berserker | 3 | 420 | / | 60 |
| total: | 23 | 3055g | / | 260w |
| Altar of Storms | 1 | 180 | / | 50 |
| Orc Burrow | 5 | 800 | / | 200 |
| Barracks | 1 | 180 | / | 50 |
| Voodoo Lounge | 2 | 260 | / | 60 |
| War Mill | 1 | 205 | / | 0 |
| Beastiary | 1 | 145 | / | 140 |
| Stronghold | 1 | 315 | / | 190 |
| Fortress | 1 | 325 | / | 190 |
| total: | 11 | 1770g | / | 500w |
| 0:01 | Peon |
| 0:01 | Peon |
| 0:01 | Peon |
| 0:05 | Altar of Storms |
| 0:17 | Orc Burrow |
| 0:34 | Barracks |
| 0:45 | Peon |
| 0:58 | Peon |
| 1:12 | Peon |
| 1:23 | Voodoo Lounge |
| 1:25 | Voodoo Lounge |
| 1:35 | Grunt |
| 1:40 | Peon |
| 1:40 | Peon |
| 2:00 | Grunt |
| 2:06 | Wind Walk |
| 2:25 | Stronghold |
| 2:36 | Orc Burrow |
| 3:07 | Orc Burrow |
| 3:21 | Healing Salve |
| 3:22 | Healing Salve |
| 3:22 | Scroll of Speed |
| 3:35 | Grunt |
| 3:38 | War Mill |
| 4:06 | Critical Strike |
| 4:29 | Grunt |
| 4:40 | Circlet of Nobility |
| 4:41 | Dust of Appearance |
| 5:09 | Beastiary |
| 5:23 | Berserker Strength |
| 5:55 | Fortress |
| 6:04 | Healing Salve |
| 6:04 | Lesser Clarity Potion |
| 6:07 | Scroll of Speed |
| 6:14 | Hex |
| 6:33 | Troll Headhunter |
| 6:50 | Kodo Beast |
| 7:02 | Troll Headhunter |
| 7:36 | Troll Headhunter |
| 7:40 | Orc Burrow |
| 7:55 | Wind Walk |
| 8:11 | Troll Headhunter |
| 8:20 | Troll Headhunter |
| 8:50 | Troll Headhunter |
| 8:51 | Steel Ranged Weapons |
| 8:52 | Troll Headhunter |
| 8:53 | Berserker Upgrade |
| 8:59 | Envenomed Spears |
| 9:39 | Healing Wave |
| 9:48 | Troll Berserker |
| 9:49 | Steel Armor |
| 9:50 | Orc Burrow |
| 10:25 | Orb of Lightning |
| 10:29 | War Stomp |
| 10:45 | Troll Berserker |
| 11:00 | Potion of Mana |
| 11:06 | Scroll of Speed |
| 11:39 | Troll Berserker |
| 11:43 | Potion of Healing |
| 11:54 | Potion of Mana |